General information
- name: BNet
- type: Ladder team game (AT/RT)
- host: Battle.net
- saver: fineX
map: GoldRush
- players: 8
- length: 85:27
- speed: Fast
- version: 1.23 W3XP
- replay type: Public
» download(360 KB)
Players
team 1 (loser)
yourdaddynow (
yellow | 30 APM | 198 actions | 06:38)
1 Shadow Hunter
1 Serpent Ward
» actions
| Basic commands | 3 | |
| Build / train | 16 | |
| Enter build submenu | 6 | |
| Enter hero's abilities submenu | 1 | |
| Right click | 66 | |
| Select / deselect | 85 | |
| Use ability | 21 | |
198 total
» units
» upgrades
» buildings
| Altar of Storms | 1 | |
| Orc Burrow | 3 | |
| Barracks | 1 | |
| Voodoo Lounge | 1 | |
6 total
» build order
00:26 Altar of Storms
00:40 Orc Burrow
00:57 Barracks
01:23 Orc Burrow
01:40 Voodoo Lounge
03:41 Orc Burrow
» items
| Scroll of Speed | 1 | |
| Lesser Clarity Potion | 1 | |
| Healing Salve | 1 | |
3 total

»
SwiftLeaf (
blue | 22 APM | 264 actions | 12:12)
1 Mountain King
1 Storm Bolt
» actions
| Assign group hotkey | 4 | |
| Basic commands | 3 | |
| Build / train | 24 | |
| ESC pressed | 2 | |
| Enter build submenu | 13 | |
| Enter hero's abilities submenu | 1 | |
| Right click | 76 | |
| Select / deselect | 90 | |
| Select group hotkey | 19 | |
| Use ability | 32 | |
264 total
» units
» buildings
| Altar of Kings | 1 | |
| Farm | 6 | |
| Barracks | 1 | |
| Lumber Mill | 1 | |
| Blacksmith | 1 | |
| Scout Tower | 1 | |
| Guard Tower | 1 | |
| Arcane Vault | 1 | |
13 total
» build order
00:09 Altar of Kings
00:15 Farm
00:26 Barracks
01:13 Farm
01:46 Lumber Mill
02:14 Farm
03:11 Farm
04:33 Farm
04:40 Blacksmith
05:03 Scout Tower
05:17 Farm
06:29 Guard Tower
07:15 Arcane Vault
» items

»
Ur_Moms_BoyToy (
orange | 34 APM | 298 actions | 08:47)
1 Shadow Hunter
1 Serpent Ward
» actions
| Assign group hotkey | 10 | |
| Build / train | 25 | |
| Enter build submenu | 9 | |
| Enter hero's abilities submenu | 1 | |
| Remove unit from queue | 1 | |
| Right click | 71 | |
| Select / deselect | 87 | |
| Select group hotkey | 82 | |
| Use ability | 12 | |
298 total
» units
» upgrades
| Pillage | 1 | |
| Melee Weapons | 1 | |
| Berserker Strength | 1 | |
| Armor | 2 | |
| Spiked Barricades | 1 | |
6 total
» buildings
| Orc Burrow | 5 | |
| Altar of Storms | 1 | |
| Barracks | 1 | |
| Stronghold | 1 | |
| War Mill | 1 | |
| Voodoo Lounge | 1 | |
10 total
» build order
00:07 Orc Burrow
00:12 Altar of Storms
00:49 Barracks
01:21 Orc Burrow
03:12 Orc Burrow
03:37 Stronghold
04:06 War Mill
05:18 Voodoo Lounge
05:55 Orc Burrow
06:31 Orc Burrow
lil_dog (
pink | 38 APM | 3270 actions | 85:24)
10 Blademaster
3 Wind Walk
3 Critical Strike
2 Bladestorm
2 Mirror Image
1 Shadow Hunter
1 Healing Wave
» actions
| Assign group hotkey | 36 | |
| Basic commands | 49 | |
| Build / train | 109 | |
| ESC pressed | 3 | |
| Enter build submenu | 121 | |
| Enter hero's abilities submenu | 10 | |
| Give item / drop item | 11 | |
| Remove unit from queue | 3 | |
| Right click | 1794 | |
| Select / deselect | 827 | |
| Select group hotkey | 16 | |
| Use ability | 290 | |
3270 total
» units
| Peon | 42 | |
| Demolisher | 7 | |
| Wind Rider | 3 | |
| Troll Witch Doctor | 2 | |
54 total
» upgrades
| Spiked Barricades | 2 | |
| Reinforced Defenses | 1 | |
| Witch Doctor Training | 1 | |
| Ranged Weapons | 1 | |
5 total
» buildings
| Altar of Storms | 5 | |
| Orc Burrow | 12 | |
| War Mill | 9 | |
| Voodoo Lounge | 4 | |
| Watch Tower | 36 | |
| Stronghold | 2 | |
| Fortress | 1 | |
| Great Hall | 16 | |
| Beastiary | 2 | |
| Spirit Lodge | 2 | |
| Barracks | 1 | |
90 total
» build order
00:15 Altar of Storms
00:23 Orc Burrow
00:41 War Mill
01:43 Voodoo Lounge
02:13 Watch Tower
02:14 Watch Tower
02:56 Watch Tower
03:13 Watch Tower
03:51 Stronghold
04:51 Watch Tower
04:51 Watch Tower
05:04 Watch Tower
05:24 Watch Tower
05:25 Watch Tower
05:26 Watch Tower
05:54 Watch Tower
06:07 Watch Tower
06:45 Watch Tower
06:46 Watch Tower
06:53 Orc Burrow
07:55 Watch Tower
08:06 Watch Tower
09:48 Fortress
09:50 Watch Tower
09:52 Watch Tower
11:04 Great Hall
11:46 Watch Tower
11:47 Watch Tower
11:52 Watch Tower
13:21 Watch Tower
13:22 Watch Tower
13:34 Orc Burrow
13:35 Orc Burrow
13:38 Beastiary
13:59 Watch Tower
13:59 Watch Tower
14:29 Spirit Lodge
14:37 Watch Tower
14:47 Beastiary
16:49 Barracks
16:55 Watch Tower
17:16 Watch Tower
17:18 Watch Tower
17:27 War Mill
17:38 Watch Tower
17:39 Watch Tower
17:42 Watch Tower
17:47 War Mill
19:47 Altar of Storms
19:50 Orc Burrow
20:29 Orc Burrow
20:59 Orc Burrow
21:05 Orc Burrow
21:27 War Mill
21:54 War Mill
23:49 Great Hall
25:26 Voodoo Lounge
26:54 War Mill
29:35 Great Hall
32:45 Great Hall
37:15 War Mill
37:24 Orc Burrow
37:43 Altar of Storms
41:37 Stronghold
42:15 Watch Tower
42:18 Watch Tower
42:32 Altar of Storms
43:10 Watch Tower
43:25 Watch Tower
44:11 Voodoo Lounge
44:31 Spirit Lodge
45:15 Great Hall
49:16 Great Hall
54:59 Great Hall
56:30 Orc Burrow
57:24 Great Hall
57:38 Great Hall
58:59 Great Hall
59:12 Great Hall
62:13 Great Hall
62:44 Altar of Storms
62:55 Orc Burrow
64:42 Voodoo Lounge
65:57 Great Hall
68:44 Great Hall
69:12 Orc Burrow
70:16 Great Hall
70:23 War Mill
74:54 War Mill
77:21 Great Hall
» items
| Healing Salve | 6 | |
| Lesser Clarity Potion | 14 | |
| Potion of Healing | 4 | |
| Potion of Mana | 4 | |
| Staff of Teleportation | 1 | |
| Boots of Speed | 1 | |
| Orb of Lightning | 1 | |
| Scroll of Speed | 1 | |
| Scroll of Town Portal | 1 | |
33 total
team 2 (winner)

»
Froki (
purple | 44 APM | 3716 actions | 85:24)
7 Mountain King
3 Storm Bolt
3 Bash
1 Avatar
1 Archmage
1 Summon Water Elemental
» actions
| Assign group hotkey | 12 | |
| Basic commands | 240 | |
| Build / train | 147 | |
| Enter build submenu | 59 | |
| Enter hero's abilities submenu | 8 | |
| Give item / drop item | 1 | |
| Remove unit from queue | 10 | |
| Right click | 1922 | |
| Select / deselect | 753 | |
| Select group hotkey | 436 | |
| Use ability | 125 | |
3716 total
» units
| Peasant | 36 | |
| Footman | 33 | |
| Siege Engine | 12 | |
| Flying Machine | 8 | |
| Gryphon Rider | 3 | |
| Rifleman | 4 | |
| Mortar Team | 6 | |
102 total
» upgrades
| Defend | 1 | |
| Swords | 1 | |
| Plating | 1 | |
| Barrage | 1 | |
| Gunpowder | 1 | |
| Armor | 1 | |
| Flak Cannons | 1 | |
| Storm Hammers | 1 | |
| Long Rifles | 0 | |
| Flying Machine Bombs | 1 | |
9 total
» buildings
| Altar of Kings | 6 | |
| Farm | 15 | |
| Blacksmith | 2 | |
| Barracks | 3 | |
| Keep | 3 | |
| Arcane Vault | 3 | |
| Scout Tower | 9 | |
| Arcane Tower | 1 | |
| Workshop | 3 | |
| Castle | 2 | |
| Lumber Mill | 1 | |
| Town Hall | 8 | |
| Gryphon Aviary | 4 | |
| Guard Tower | 1 | |
| Cannon Tower | 4 | |
65 total
» build order
00:09 Altar of Kings
00:13 Farm
00:57 Blacksmith
01:09 Barracks
01:20 Farm
01:36 Barracks
02:03 Farm
02:35 Farm
03:26 Farm
03:29 Farm
04:12 Blacksmith
05:06 Farm
05:57 Farm
07:04 Farm
07:45 Keep
07:45 Keep
07:52 Arcane Vault
08:46 Arcane Vault
08:59 Arcane Vault
09:28 Scout Tower
10:05 Arcane Tower
10:10 Workshop
10:19 Workshop
12:01 Castle
12:05 Lumber Mill
14:40 Barracks
14:41 Farm
14:42 Farm
14:42 Farm
30:44 Town Hall
34:51 Town Hall
38:34 Town Hall
38:39 Town Hall
47:20 Workshop
49:52 Keep
50:09 Altar of Kings
52:18 Gryphon Aviary
52:19 Castle
52:24 Gryphon Aviary
52:36 Town Hall
54:04 Gryphon Aviary
54:06 Gryphon Aviary
66:37 Town Hall
66:58 Town Hall
67:32 Altar of Kings
68:20 Altar of Kings
70:48 Scout Tower
71:39 Guard Tower
71:42 Cannon Tower
71:44 Scout Tower
72:44 Cannon Tower
73:08 Scout Tower
73:30 Scout Tower
73:51 Scout Tower
74:00 Scout Tower
74:18 Cannon Tower
74:50 Cannon Tower
75:02 Scout Tower
75:51 Farm
75:52 Farm
76:44 Scout Tower
78:19 Town Hall
80:24 Altar of Kings
80:26 Farm
80:39 Altar of Kings
» items
| Scroll of Town Portal | 3 | |
| Potion of Healing | 1 | |
| Scroll of Regeneration | 1 | |
5 total
mr.ww (
green | 24 APM | 2037 actions | 84:59)
5 Mountain King
3 Storm Bolt
2 Thunder Clap
» actions
| Assign group hotkey | 20 | |
| Basic commands | 144 | |
| Build / train | 60 | |
| Enter build submenu | 22 | |
| Enter hero's abilities submenu | 5 | |
| Right click | 990 | |
| Select / deselect | 360 | |
| Select group hotkey | 348 | |
| Use ability | 88 | |
2037 total
» units
| Peasant | 7 | |
| Footman | 6 | |
| Sorceress | 25 | |
| Priest | 5 | |
43 total
» upgrades
| Lumber Harvesting | 2 | |
| Sorceress Training | 2 | |
| Priest Training | 2 | |
6 total
» buildings
| Altar of Kings | 1 | |
| Farm | 10 | |
| Barracks | 1 | |
| Arcane Vault | 1 | |
| Keep | 1 | |
| Blacksmith | 1 | |
| Lumber Mill | 1 | |
| Castle | 1 | |
| Arcane Sanctum | 4 | |
| Scout Tower | 2 | |
| Arcane Tower | 2 | |
25 total
» build order
00:09 Altar of Kings
00:11 Farm
00:25 Barracks
01:14 Farm
01:31 Farm
02:21 Arcane Vault
04:24 Keep
05:00 Blacksmith
05:03 Lumber Mill
05:08 Farm
07:01 Castle
07:05 Arcane Sanctum
07:09 Arcane Sanctum
07:13 Arcane Sanctum
07:33 Arcane Sanctum
07:48 Farm
08:39 Scout Tower
08:41 Scout Tower
09:28 Arcane Tower
09:29 Arcane Tower
10:32 Farm
10:35 Farm
12:06 Farm
14:32 Farm
17:00 Farm
» items

»
Red_Monk3y (
teal | 32 APM | 2734 actions | 85:24)
8 Mountain King
3 Storm Bolt
3 Bash
1 Avatar
1 Thunder Clap
3 Beastmaster
2 Summon Bear
1 Summon Hawk
» actions
| Assign group hotkey | 56 | |
| Basic commands | 126 | |
| Build / train | 121 | |
| Enter build submenu | 69 | |
| Enter hero's abilities submenu | 11 | |
| Give item / drop item | 13 | |
| Remove unit from queue | 1 | |
| Right click | 1130 | |
| Select / deselect | 630 | |
| Select group hotkey | 429 | |
| Use ability | 148 | |
2734 total
» units
| Peasant | 45 | |
| Footman | 6 | |
| Knight | 16 | |
| Gryphon Rider | 17 | |
84 total
» upgrades
| Defend | 1 | |
| Swords | 3 | |
| Lumber Harvesting | 2 | |
| Animal War Training | 1 | |
| Plating | 3 | |
| Backpack | 1 | |
| Storm Hammers | 1 | |
| Armor | 3 | |
15 total
» buildings
| Altar of Kings | 3 | |
| Farm | 28 | |
| Barracks | 3 | |
| Blacksmith | 2 | |
| Scout Tower | 2 | |
| Arcane Tower | 1 | |
| Lumber Mill | 2 | |
| Guard Tower | 1 | |
| Keep | 2 | |
| Town Hall | 10 | |
| Arcane Vault | 1 | |
| Castle | 2 | |
| Gryphon Aviary | 19 | |
76 total
» build order
00:11 Altar of Kings
00:16 Farm
00:23 Barracks
00:54 Farm
01:45 Farm
02:26 Farm
02:57 Barracks
03:39 Blacksmith
06:47 Scout Tower
07:20 Arcane Tower
08:03 Lumber Mill
08:52 Scout Tower
09:21 Guard Tower
09:59 Keep
10:16 Farm
10:18 Farm
10:19 Farm
11:02 Town Hall
11:56 Arcane Vault
12:34 Castle
13:17 Farm
13:18 Farm
14:39 Barracks
15:32 Farm
15:37 Farm
16:06 Lumber Mill
30:02 Town Hall
31:01 Town Hall
31:34 Town Hall
31:40 Town Hall
32:36 Keep
33:19 Town Hall
34:10 Blacksmith
34:33 Altar of Kings
34:42 Town Hall
35:24 Castle
36:03 Gryphon Aviary
36:04 Gryphon Aviary
36:05 Gryphon Aviary
36:06 Gryphon Aviary
45:08 Gryphon Aviary
45:11 Gryphon Aviary
45:12 Gryphon Aviary
45:16 Gryphon Aviary
45:19 Gryphon Aviary
45:21 Gryphon Aviary
45:24 Gryphon Aviary
46:01 Gryphon Aviary
46:46 Farm
46:47 Farm
46:49 Farm
47:00 Altar of Kings
47:48 Farm
47:50 Farm
48:35 Town Hall
51:51 Gryphon Aviary
51:55 Gryphon Aviary
56:14 Farm
56:14 Farm
56:14 Farm
56:15 Farm
56:41 Farm
56:41 Farm
60:13 Town Hall
60:21 Gryphon Aviary
61:15 Gryphon Aviary
61:17 Gryphon Aviary
61:20 Gryphon Aviary
65:34 Gryphon Aviary
69:02 Farm
69:04 Farm
71:17 Farm
71:18 Farm
71:20 Farm
71:26 Town Hall
71:57 Farm
» items
| Scroll of Regeneration | 2 | |
| Scroll of Town Portal | 1 | |
3 total
fineX (
red | 78 APM | 6687 actions | 85:27)
5 Mountain King
3 Storm Bolt
2 Bash
» actions
| Assign group hotkey | 1908 | |
| Basic commands | 796 | |
| Build / train | 115 | |
| Enter build submenu | 46 | |
| Enter hero's abilities submenu | 5 | |
| Give item / drop item | 2 | |
| Remove unit from queue | 1 | |
| Right click | 1831 | |
| Select / deselect | 429 | |
| Select group hotkey | 1457 | |
| Use ability | 96 | |
6687 total
» units
| Peasant | 29 | |
| Footman | 21 | |
| Mortar Team | 16 | |
| Gryphon Rider | 11 | |
77 total
» upgrades
| Defend | 1 | |
| Gunpowder | 2 | |
| Swords | 3 | |
| Storm Hammers | 1 | |
| Armor | 2 | |
| Animal War Training | 1 | |
| Fragmentation Shards | 1 | |
11 total
» buildings
| Altar of Kings | 2 | |
| Farm | 26 | |
| Barracks | 6 | |
| Scout Tower | 1 | |
| Arcane Tower | 4 | |
| Keep | 2 | |
| Town Hall | 6 | |
| Lumber Mill | 1 | |
| Blacksmith | 1 | |
| Workshop | 5 | |
| Arcane Vault | 1 | |
| Gryphon Aviary | 7 | |
| Castle | 1 | |
63 total
» build order
00:03 Altar of Kings
00:05 Farm
00:25 Barracks
00:50 Scout Tower
01:44 Arcane Tower
01:44 Arcane Tower
01:44 Arcane Tower
02:01 Farm
02:44 Farm
03:19 Farm
04:23 Barracks
04:24 Keep
07:12 Farm
07:13 Farm
07:18 Barracks
07:59 Barracks
08:03 Farm
08:03 Farm
08:03 Farm
08:37 Barracks
10:46 Farm
10:46 Farm
10:46 Farm
10:51 Farm
11:28 Farm
11:31 Farm
12:45 Farm
12:46 Farm
13:15 Town Hall
13:55 Town Hall
15:20 Town Hall
16:13 Lumber Mill
16:16 Blacksmith
17:36 Workshop
17:38 Workshop
18:10 Workshop
18:57 Workshop
19:07 Workshop
29:57 Altar of Kings
30:02 Keep
32:18 Arcane Vault
32:24 Gryphon Aviary
32:25 Gryphon Aviary
32:27 Gryphon Aviary
32:43 Gryphon Aviary
32:49 Castle
33:12 Gryphon Aviary
33:13 Gryphon Aviary
34:24 Farm
34:24 Farm
34:25 Farm
34:27 Farm
34:28 Farm
34:29 Farm
34:30 Farm
34:31 Farm
35:12 Town Hall
35:15 Town Hall
41:18 Barracks
43:45 Town Hall
» items
| Boots of Speed | 1 | |
| Circlet of Nobility | 1 | |
| Scroll of Town Portal | 4 | |
| Scroll of Healing | 1 | |
| Potion of Lesser Invulnerability | 2 | |
| Orb of Fire | 1 | |
| Potion of Healing | 2 | |
| Staff of Teleportation | 1 | |
13 total
Chat log
(00:07 / All) fineX: so
(00:09 / All) fineX: who here into pissplay?
(00:19 / All) lil_dog: gl hf mateys!
(00:22 / All) Ur_Moms_BoyToy: STFU unless your mom need sexual favors from ME
(00:36 / Allies) Red_Monk3y: HEY
(00:38 / Allies) Red_Monk3y: 4 HUMANS
(00:40 / Allies) Froki: hey
(00:43 / Allies) Froki: really wow lol
(00:43 / Allies) Red_Monk3y: LETS ALL GET THE SAME HERO
(00:45 / Allies) Red_Monk3y: AND RUSH
(00:45 / Allies) fineX: mass footmens
(00:51 / Allies) Froki: ill get rifle
(00:56 / Allies) fineX: no
(00:57 / Allies) fineX: footmens
(01:01 / Allies) Red_Monk3y: AND THUNDERBOLT
(01:03 / Allies) Froki: ok
(01:08 / All) fineX: so we're all getting footmens and mk?
(01:09 / Allies) Red_Monk3y: EVERYONE DOWN?
(01:12 / Allies) Red_Monk3y: TO GET MK
(01:12 / All) fineX: and rushing?
(01:15 / Allies) Froki: ok
(01:25 / All) SwiftLeaf: i hope so that's what i'm doing
(01:40 / Allies) fineX: ok then im oding it
(01:47 / All) fineX: u guys have 3 orc
(01:50 / All) fineX: how can u mass footmens
(02:09 / All) fineX: blue stop making foots
(02:20 / All) fineX: i guess you said you would though
(02:20 / All) SwiftLeaf: i'm not even human
(02:25 / All) fineX: yes you are stop lying
(02:38 / Allies) Red_Monk3y: GET MORE FOOTIES GUYS
(02:39 / Allies) Red_Monk3y: CMON
(02:45 / All) SwiftLeaf: um random means i can be one of the 4 races
(02:52 / All) fineX: yellow wait for ur second grunt
(02:54 / All) fineX: yeah but youre human
(02:56 / All) fineX: i know
(02:59 / All) Ur_Moms_BoyToy: fuck red you using the maphack created by spermhoe?
(03:17 / Allies) Red_Monk3y: MEEET
(03:25 / All) fineX: orange wait for 3rd grunt ok
(03:41 / All) fineX: liar
(03:50 / All) Ur_Moms_BoyToy: where to get the maphack by spermhoe? i know that piece of shit is cool
(04:14 / All) fineX: im coming
(04:17 / All) fineX: keep your bloody knickers on
(05:25 / All) fineX: orange start your tech
(05:56 / All) fineX: orange get shop earlier next time
(06:24 / All) yourdaddynow: well guys im glad map hack worked out for you guys
(06:32 / All) fineX: lmao is called mechanical critter noob
(06:37 / All) Froki: hum theres no mh..
(06:39 / All) lil_dog: lmao
(06:50 / All) fineX: hey lil dog
(06:53 / All) fineX: its not my fault ur a terrible noob
(07:02 / All) Ur_Moms_BoyToy: im fucking lag
(07:08 / All) fineX: no shit faggot
(07:10 / All) lil_dog: cause u hack
(07:59 / All) Ur_Moms_BoyToy: im dling porn
(08:00 / All) Froki: lmao
(08:07 / All) Froki: turret D?
(08:12 / All) lil_dog: come if u dare
(08:14 / All) Ur_Moms_BoyToy: because there isnt many moms needing my service recently :(
(08:41 / All) Ur_Moms_BoyToy: nope those super quality japanese porn, i dling using premium megaupload account
(08:47 / All) SwiftLeaf: you're
(08:48 / Allies) Froki: they getting air
(08:50 / All) fineX: sorry blue
(08:52 / Allies) Froki: get some anti air
(08:54 / All) fineX: didnt read that sentence fragment
(09:06 / All) SwiftLeaf: it's ok that's you're uneducated. i'm sure it's not your fault.
(09:12 / All) fineX: lmao
(09:14 / All) SwiftLeaf: fantastic
(09:19 / All) SwiftLeaf: /sigh
(09:20 / All) fineX: thats im uneducated?
(09:25 / All) fineX: read your fucking sentence you moron
(09:35 / All) fineX: i doubt you graduated junior higth
(09:38 / All) SwiftLeaf: at least i realize it's wrong
(09:42 / All) fineX: lmao
(09:44 / All) fineX: not in the right place
(10:33 / All) fineX: Honestly, blue, if you think using proper grammar/punctuation puts you a cut above the rest, you're sadly mistaken. Hang uself
(10:58 / All) SwiftLeaf: actually red, it does. and what do you gain by being an asshole on the internet?
(11:09 / All) fineX: Apparently the ire of retarded bumfucks like yourself.
(12:11 / All) fineX: You can't even use propper grammar OR punctuation, despite that being your magnum opus, as it was.
(12:25 / Allies) Froki: main
(13:59 / All) Froki: this game is hella funny
(14:08 / All) Froki: i cant wait for the tower d
(14:13 / All) lil_dog: gl hf!
(14:15 / All) Red_Monk3y: IM NOT EVEN PLAYIN WITH U GUYS
(14:21 / All) lil_dog: want a cookie
(17:54 / Allies) fineX: who got lumber
(18:00 / All) fineX: need lumber for morts
(18:02 / All) fineX: so i can own pink
(18:03 / All) fineX: thx
(18:18 / All) Froki: turret d
(18:29 / All) Froki: one footmen must be remaining
(18:57 / All) Red_Monk3y: lol
(20:55 / Allies) mr.ww: RED FUCK
(20:58 / Allies) fineX: what
(21:08 / Allies) mr.ww: FUCK U RED
(21:10 / Allies) fineX: what!!
(21:13 / All) fineX: what green?
(21:17 / Allies) mr.ww: WHY KILL ME
(21:21 / All) fineX: what?
(21:32 / Allies) mr.ww: FUCKING IDIOT
(21:38 / All) fineX: what r u saying!!
(22:06 / All) fineX: WTF GREEN
(22:18 / Allies) mr.ww: FUCKING MORTS KILL ME
(22:42 / Allies) mr.ww: FUCK U RED
(22:43 / All) fineX: is this what u wanted green
(22:58 / Allies) mr.ww: U STARTS FUCKING IDIOT
(23:26 / All) fineX: yippee ki yay motherfucker
(23:34 / Allies) mr.ww: FUCK U IDIOT
(24:44 / Allies) Froki: help me find him..
(25:18 / All) fineX: hey purp
(25:24 / All) fineX: i think i know where he at
(25:36 / All) fineX: he in hell. he will see u there.
(25:38 / Allies) mr.ww: SHUT UP FUCKING RED
(26:03 / Allies) mr.ww: SEE IDIOT
(26:28 / All) Froki: Wtf
(26:30 / Allies) mr.ww: TEAL KILL FUCKING RED
(26:39 / All) fineX: lets not be hasty
(26:45 / Allies) Red_Monk3y: we won anyways
(26:51 / Allies) Red_Monk3y: check r expos
(26:53 / Allies) Red_Monk3y: idiots
(26:55 / Allies) Froki: gimme gold then..
(27:00 / Allies) mr.ww: I DONT CARE JUST KILL FUCKING RED
(27:28 / Allies) Froki: can u give me gold plz
(27:32 / Allies) Froki: for hero
(27:49 / Allies) Red_Monk3y: imagine we lose
(27:52 / Allies) Froki: loll
(28:02 / Allies) mr.ww: CAUSE OF FUCKING TEAMKILLER
(28:08 / All) fineX: say it in all chat
(28:14 / Allies) mr.ww: TEAL
(28:19 / Allies) Red_Monk3y: wow
(28:20 / Allies) Red_Monk3y: lol
(28:20 / Allies) Froki: give me gold
(28:22 / Allies) Froki: plz
(28:22 / Allies) mr.ww: PINK BASE
(28:24 / Allies) Froki: tp
(28:45 / Allies) mr.ww: KILL RED
(29:05 / Allies) mr.ww: KILL MORTS
(29:33 / Allies) Froki: shared control
(29:34 / Allies) Froki: ill help ya
(30:18 / Allies) Froki: share control teal
(30:40 / All) fineX: wtf teal
(30:40 / Allies) Red_Monk3y: red
(30:41 / Allies) Red_Monk3y: truce
(30:43 / All) fineX: ok
(30:44 / Allies) Red_Monk3y: im kidding
(30:54 / Allies) Red_Monk3y: lets really win b4 we lose
(30:57 / Allies) fineX: kk
(31:04 / All) fineX: sory i was jus jokin around lol
(31:17 / Allies) Red_Monk3y: me 2
(31:19 / Allies) Red_Monk3y: like
(31:23 / Allies) Red_Monk3y: im not gona lose over it
(32:28 / Allies) Froki: ah please
(32:37 / Allies) Froki: give me a brake
(32:43 / Allies) Froki: break
(32:58 / All) Froki: there mother fucekr
(32:59 / All) Red_Monk3y: wut son
(33:04 / All) lil_dog: calm down lol
(33:07 / All) Froki: sorry
(33:14 / Allies) Froki: it was my expo
(33:18 / All) Froki: it was my expo
(33:19 / Allies) fineX: no
(33:21 / Allies) fineX: i had this since start
(33:22 / Allies) mr.ww: TEAL KILL HIM
(33:26 / Allies) Red_Monk3y: were
(33:42 / Allies) Froki: getting air?
(33:43 / Allies) mr.ww: TEAL RED MAKE AIRS
(33:47 / Allies) fineX: relax
(33:50 / Allies) mr.ww: HE WILL BE KILL U
(33:52 / Allies) fineX: no im not
(33:53 / Allies) Red_Monk3y: so
(34:07 / Allies) mr.ww: I DONT BELIVE U RED
(34:10 / All) fineX: im not gonna lose this game for us by being dumb and bsing
(34:19 / All) fineX: air finds him easier
(34:57 / Allies) Red_Monk3y: klumber me
(36:08 / Allies) Red_Monk3y: klumer me
(36:30 / Allies) mr.ww: SEE HE KILL U
(36:33 / All) fineX: no green
(36:34 / All) fineX: im not
(36:35 / All) fineX: jesus
(36:40 / Allies) Red_Monk3y: lol
(37:19 / All) fineX: teal stop creeping
(37:20 / All) fineX: lets go find him
(37:22 / Allies) Red_Monk3y: y
(37:25 / Allies) Red_Monk3y: im bored
(37:27 / All) Red_Monk3y: were r u pink
(37:28 / All) fineX: cmon
(37:35 / All) lil_dog: cloud 9
(37:37 / Allies) Red_Monk3y: use ur air
(37:39 / All) fineX: kk
(37:41 / All) fineX: ill use air
(37:48 / Allies) Red_Monk3y: im creeping everwere so incase i run into him
(37:51 / All) fineX: kk
(37:55 / All) fineX: yeah uh teal
(38:01 / All) fineX: you know how before i said i wouldnt kill you
(38:01 / All) fineX: i lied
(38:11 / Allies) Red_Monk3y: stop
(38:15 / Allies) Red_Monk3y: i wanan creep
(38:52 / Allies) mr.ww: SEE FUCK RED
(39:03 / Allies) mr.ww: I TOLD U TEAL
(39:19 / Allies) mr.ww: HE IS ASSHOLE
(39:27 / Allies) Froki: red finish pink..
(39:34 / Allies) Red_Monk3y: ull never kill my hero
(39:46 / Allies) mr.ww: RED ID AN ASSHOLE
(39:47 / Allies) Red_Monk3y: get dat fool
(39:58 / All) fineX: how about suck my hairy nuts
(40:01 / All) fineX: i havent shaved them in a week
(40:17 / Allies) mr.ww: TEAL AND PURP NEVER LISTEN MY WORDS
(40:27 / Allies) Froki: lol sry man
(41:12 / Allies) Red_Monk3y: god dam it red
(41:16 / Allies) Red_Monk3y: just finish it
(41:25 / Allies) Froki: this game is so long..
(41:28 / Allies) mr.ww: HE IS AN ASSHOLE
(41:29 / All) fineX: still havent shaved em chap
(42:14 / All) Red_Monk3y: awww
(42:15 / All) Red_Monk3y: pink
(42:23 / All) lil_dog: =)
(42:37 / Allies) Red_Monk3y: red is just jeooulusee
(42:42 / Allies) Red_Monk3y: cuz my hero is lv 8
(42:44 / Allies) mr.ww: AIR COMES
(42:47 / Allies) mr.ww: WAHTC
(42:56 / Allies) Froki: lol
(43:16 / Allies) Red_Monk3y: ur so borring teal
(44:01 / Allies) Red_Monk3y: red
(44:02 / Allies) Red_Monk3y: finish it
(44:08 / All) fineX: suck my dick
(44:10 / All) fineX: lol
(44:13 / Allies) Red_Monk3y: lol
(44:14 / All) fineX: but no really
(44:15 / All) fineX: suck it
(44:17 / Allies) Red_Monk3y: ur so stupid
(44:28 / Allies) Red_Monk3y: u really hatte time
(44:29 / All) fineX: i need this win like your mom needs another man in her life
(44:31 / All) fineX: i.e, i dont
(44:32 / Allies) Red_Monk3y: hasnt worked out for u
(44:52 / All) fineX: lmao
(44:52 / Allies) Red_Monk3y: hey make sure ur moms got those pankcakes ready in da morning
(44:53 / All) fineX: tanks?
(44:56 / Allies) Red_Monk3y: no blue berrys
(45:11 / All) fineX: gl bro
(45:45 / Allies) Red_Monk3y: red is so jeaoulse of me
(45:50 / All) fineX: its true
(45:55 / Allies) Red_Monk3y: i no it is!!!!!!
(46:06 / All) fineX: gyros lmao
(46:10 / Allies) mr.ww: NO HE IS AN ASSHOLE
(46:15 / All) fineX: do u realize none of the aoe shit works on me
(46:22 / All) fineX: gyros, tanks, etcx.
(46:33 / Allies) Red_Monk3y: cuz no one is trying to kill u
(46:34 / Allies) Red_Monk3y: fag
(46:37 / Allies) Red_Monk3y: u like dudes huh
(46:39 / Allies) Red_Monk3y: faget
(46:42 / All) fineX: lmao
(47:20 / Allies) Red_Monk3y: pupr
(47:30 / Allies) Red_Monk3y: pupr
(47:32 / Allies) Red_Monk3y: purp
(47:44 / Allies) Froki: what
(47:54 / Allies) Red_Monk3y: ;lumber me
(47:54 / All) fineX: gl with the gyro think
(48:11 / Allies) Red_Monk3y: get his air pupr
(48:22 / Allies) Red_Monk3y: get him
(48:35 / All) fineX: lmao
(48:37 / Allies) Froki: man fuck you
(48:38 / Allies) mr.ww: PURP SHARE CONTROL
(48:40 / Allies) Froki: i wasnt watching
(48:41 / All) fineX: faggot couldnt get dicks in his ass if he wanted
(48:48 / All) fineX: which he does
(48:51 / All) fineX: nice fagscuse
(48:55 / All) fineX: too bad you avatard at the beginning
(49:27 / Allies) Froki: wow could u just fucking end the game
(49:38 / All) fineX: now why would i do that sweetheart
(49:42 / All) fineX: we're jsut getting to know each other
(50:25 / Allies) Froki: could u just check what pink is doing?
(51:03 / Allies) Froki: pnik hero
(51:06 / Allies) mr.ww: TEAL KILLS RED BASE
(51:37 / Allies) mr.ww: RED MAKE AIRS
(51:42 / Allies) mr.ww: TEAL KILL
(52:03 / Allies) Red_Monk3y: dude just try and find pink
(53:04 / Allies) mr.ww: TEAL SHARE CONTROL
(53:41 / Allies) Froki: kill red
(53:42 / Allies) Froki: first
(53:44 / Allies) mr.ww: TEAL IDIOT
(53:58 / Allies) Red_Monk3y: lumber me
(54:08 / Allies) Froki: no more lumb
(54:19 / Allies) Red_Monk3y: hahaa
(54:22 / Allies) Red_Monk3y: red is so jeoulose
(55:07 / Allies) Red_Monk3y: red
(55:49 / All) fineX: yipee ki yay motherfucker
(55:53 / Allies) mr.ww: TEAL NEVER LISTEN TO ME
(56:47 / All) fineX: if thats how u wanna play cowboy
(58:14 / Allies) mr.ww: HOW IDIOT TEAMPLAYERS
(59:07 / Allies) Red_Monk3y: red
(59:27 / Allies) mr.ww: TEAL UR IDIOT TOO
(61:40 / Allies) Red_Monk3y: alright im going to sleep
(61:44 / Allies) Red_Monk3y: n leaving my computer
(61:45 / Allies) Red_Monk3y: on
(61:46 / All) fineX: tata honey
(61:49 / Allies) Red_Monk3y: whatever happens
(61:51 / Allies) Red_Monk3y: whaever
(61:56 / Allies) Red_Monk3y: red like big black dicks
(62:00 / Allies) Red_Monk3y: and so does his mom
(62:04 / All) fineX: u mad
(62:06 / Allies) mr.ww: PUPR
(62:08 / Allies) Red_Monk3y: bitch im going in
(62:11 / Allies) Red_Monk3y: im going in
(62:12 / Allies) mr.ww: KILL AIR
(62:29 / All) fineX: someone doesnt know how to que lmao
(62:54 / Allies) mr.ww: SAHRE CONTROLE PURP AND TEAL
(63:03 / Allies) Froki: already did
(63:24 / Allies) Froki: kill al peon now
(65:32 / All) Froki: awww
(66:10 / All) fineX: fight me faggot
(66:19 / All) fineX: GG
(66:36 / All) fineX: dont think your egetting away with that shit
(67:00 / Allies) Red_Monk3y: red im gona donky punch ur mom for all this
(67:08 / All) fineX: lmao i thought u were going to sleep
(67:13 / All) fineX: u mad bro?
(67:23 / Allies) Red_Monk3y: i will if ur mom stops calling my nuts
(67:39 / Allies) Red_Monk3y: im not mad just super anoyed
(67:44 / All) fineX: so ur mad
(68:39 / Allies) Froki: pink is there
(70:15 / All) fineX: gg teal
(70:59 / Allies) Red_Monk3y: reinforce ment huh
(71:47 / Allies) Red_Monk3y: pupr
(71:49 / Allies) Red_Monk3y: kill
(72:57 / Allies) Red_Monk3y: its funny how hard red is trying
(72:59 / Allies) Red_Monk3y: to kill me
(73:02 / All) fineX: its funn how im not
(73:10 / All) fineX: its called queing up commands, shitnozzle
(73:12 / Allies) Red_Monk3y: uuuuu rrr
(73:16 / All) fineX: takes like 2 seconds!
(73:16 / Allies) Red_Monk3y: u lil loser
(73:16 / Allies) Red_Monk3y: u
(73:18 / All) fineX: lmao
(73:19 / Allies) Red_Monk3y: u r
(73:20 / Allies) Red_Monk3y: u r
(73:25 / Allies) Red_Monk3y: u idiot
(73:25 / All) fineX: funny how hard your trying to stay alive
(73:29 / Allies) Red_Monk3y: look how long
(73:31 / Allies) Red_Monk3y: this is taking
(73:36 / Allies) Red_Monk3y: how long is this game taking
(73:38 / All) fineX: your in this game too
(73:41 / Allies) Red_Monk3y: your making me waist my time
(73:45 / Allies) Red_Monk3y: cuz u have no life
(73:47 / All) fineX: like your time is valuable
(73:48 / All) fineX: lmao
(73:49 / Allies) Red_Monk3y: nigga
(73:51 / Allies) Red_Monk3y: ima shoot u
(73:54 / All) fineX: lmao
(73:55 / All) fineX: k
(73:59 / All) fineX: i live at
(74:01 / All) fineX: 550 birch terrace
(74:02 / Allies) Red_Monk3y: avbiously u have no time
(74:03 / Allies) Red_Monk3y: lol
(74:04 / All) fineX: peterborough, on
(74:07 / Allies) Red_Monk3y: u nothing in ur life
(74:15 / Allies) Red_Monk3y: its 1 da morning here
(74:18 / All) fineX: so?
(74:20 / Allies) Red_Monk3y: i dont got shyt to do
(74:28 / Allies) Red_Monk3y: its probly like friday in were ever u live
(74:31 / Allies) Red_Monk3y: n u have no were to go
(74:33 / Allies) Red_Monk3y: cuz ur a loser
(74:36 / Allies) Red_Monk3y: n no one likes u
(74:39 / Allies) Red_Monk3y: and ur moms a milf
(74:42 / All) fineX: lmao
(74:43 / Allies) Red_Monk3y: i always fuk
(74:44 / Allies) Red_Monk3y: anyways
(74:46 / Allies) Red_Monk3y: all u do
(74:50 / Allies) Red_Monk3y: is stay home
(74:55 / Allies) Red_Monk3y: trying to catch ur mom in da shower
(74:57 / All) fineX: its 4 in the morning here :)
(75:00 / Allies) Red_Monk3y: so u can see ur first pussy
(75:05 / Allies) Red_Monk3y: cuz i no u aint got no pussy
(75:08 / All) fineX: my first pussy was yours
(75:08 / Allies) Red_Monk3y: ur a dick
(75:11 / Allies) Red_Monk3y: u r wut u eat
(75:11 / Allies) Red_Monk3y: u no
(75:14 / All) fineX: why arent you having sex right now teal
(75:14 / Allies) Red_Monk3y: so ur a dick
(75:16 / Allies) Red_Monk3y: im a pussy
(75:20 / Allies) Red_Monk3y: it makes scence u no
(75:20 / All) fineX: its 1 in the morning
(75:22 / Allies) Red_Monk3y: cuz ur a fagget
(75:25 / Allies) Red_Monk3y: n u like dick
(75:27 / All) fineX: why are you not in bed with a lovely lady
(75:30 / Allies) Red_Monk3y: and u milist lil dickks
(75:32 / Allies) Red_Monk3y: cuz ur a loser
(75:35 / Allies) Red_Monk3y: fagget as nerd
(75:39 / All) fineX: lmao
(75:45 / Allies) Red_Monk3y: go kill u self nigga
(75:49 / Allies) Red_Monk3y: cuz ur mom is fuking the hole town
(75:51 / All) fineX: your right here with me bro
(75:52 / Allies) Red_Monk3y: like u didnt no
(75:53 / Allies) Red_Monk3y: u new
(75:58 / Allies) Red_Monk3y: after ur 5 th brother
(75:59 / Allies) Red_Monk3y: u new
(76:01 / Allies) Red_Monk3y: uuuu newww
(76:03 / Allies) Red_Monk3y: reallty u did
(76:07 / All) fineX: and you lost
(76:11 / Allies) Red_Monk3y: so u got a cat huh?
(76:23 / Allies) Red_Monk3y: well dats the only pussy ur getting close too
(76:28 / Allies) Red_Monk3y: cuz u just dont like dat shyt
(76:38 / Allies) Red_Monk3y: listen have u ever got head wail playing this game
(76:41 / Allies) Red_Monk3y: i dont think u have
(76:42 / Allies) Red_Monk3y: cuz i have
(76:46 / Allies) Red_Monk3y: n i would no how dat feels
(76:47 / Allies) Red_Monk3y: have u
(76:49 / All) fineX: really
(76:51 / All) fineX: was it from a guy
(76:54 / Allies) Red_Monk3y: ever had ur dick in a girls mouth
(76:56 / Allies) Red_Monk3y: not a guy
(76:58 / Allies) Red_Monk3y: but a girl
(76:59 / Allies) Red_Monk3y: u no
(77:01 / Allies) Red_Monk3y: pussy
(77:02 / All) fineX: i dont believe you
(77:03 / Allies) Red_Monk3y: i dont think u o
(77:03 / All) fineX: show me proof
(77:06 / Allies) Red_Monk3y: haha
(77:10 / Allies) Red_Monk3y: look how desperate
(77:13 / Allies) Red_Monk3y: to see a vifgina
(77:15 / Allies) Red_Monk3y: u fagget
(77:17 / Allies) Red_Monk3y: uuu fagget
(77:21 / Allies) Red_Monk3y: like omg leme c
(77:24 / All) fineX: go to bed teal
(77:28 / Allies) Red_Monk3y: if u got pussy u would no dats a normal
(77:29 / Allies) Red_Monk3y: thing
(77:30 / Allies) Red_Monk3y: getting
(77:31 / Allies) Red_Monk3y: head
(77:32 / Allies) Red_Monk3y: awail
(77:33 / Allies) Red_Monk3y: u sleep
(77:36 / All) fineX: knai
(77:38 / Allies) Red_Monk3y: ur like
(77:38 / All) fineX: lmao
(77:40 / Allies) Red_Monk3y: hey bitch
(77:42 / Allies) Red_Monk3y: come suk my dick
(77:45 / Allies) Red_Monk3y: so i can play better
(77:50 / All) fineX: teal you're a lonely virgin
(77:52 / Allies) Red_Monk3y: then u
(77:52 / All) fineX: everyone knows this
(77:53 / Allies) Red_Monk3y: like
(77:57 / Allies) Red_Monk3y: fuk with her
(77:59 / Allies) Red_Monk3y: call her names
(78:01 / Allies) Red_Monk3y: then she like ok
(78:07 / Allies) Red_Monk3y: then ur fgettinng ur dick suked
(78:11 / Allies) Red_Monk3y: telling some gay guy dats red
(78:16 / Allies) Red_Monk3y: and there like oh no ur not
(78:20 / Allies) Red_Monk3y: imm just sitting here smiling
(78:22 / Allies) Red_Monk3y: cuz i no
(78:24 / Allies) Red_Monk3y: and he dont
(78:27 / Allies) Red_Monk3y: cuz red likes dick
(78:32 / Allies) Red_Monk3y: ok im done
(78:42 / All) fineX: really
(78:45 / All) fineX: all i could read was
(78:49 / All) fineX: "IM A GAY IM A GAY IM A GAY"
(79:19 / All) fineX: purple don't try so hard
(79:27 / Allies) Froki: bah..
(79:33 / Allies) Froki: just trying to finish this lonnnnng gam
(79:40 / All) fineX: its not happening bro
(79:41 / All) fineX: give it up
(79:49 / Allies) Froki: hes your friend?
(79:50 / All) fineX: before you descend into madness like teal and blue
(80:02 / All) fineX: hes the enemy of my enemy
(80:04 / All) fineX: which is u
(80:11 / All) fineX: also technically hes my enemy
(80:12 / Allies) Froki: pink is your friend?
(82:45 / All) fineX: GG purple
(82:59 / All) fineX: u had a good run
(85:15 / All) fineX: welcome to towertown, faggots, my name is finex, and im mayor here